AoeStats
← Mezzanine00

Arabia

503444437Analyzed
1v1 RM · 1mo ago on Aug 31, 2026· 40m 28s· 2 players
Game mode
Random Map
Map size
Tiny (2 player)
Population
200
Speed
Normal
Resources
Standard
Victory
Conquest
Starting age
Dark Age
Ending age
Imperial Age
RankedLock teamsTeams togetherTeam positionsShared explorationLock speedFull tech treeHidden civsTurbo modeCheats
Victory
Defeat
🇬🇧 Bulgarians · United Kingdom
1810
+12
🇦🇷 Muisca · Argentina
1714
-12
Mezzanine00
6:23 Loom
9:07 Feudal Age
10:04 Double-Bit Axe
15:30 Forging
16:25 Wheelbarrow
19:30 Castle Age
17:25 Horse Collar
17:56 Gold Mining
20:29 Bow Saw
21:19 Town Watch
23:01 Hand Cart
25:25 Stone Mining
26:06 Heavy Plow
31:58 Imperial Age
30:11 Stone Shaft Mining
30:04 Scale Barding Armor
30:09 Forging
30:47 Chain Barding Armor
30:37 Fletching
32:04 Iron Casting
32:52 Gold Shaft Mining
33:01 Ballistics
34:08 Chemistry
34:06 Plate Barding Armor
34:10 Stirrups
34:40 Elite Konnik
36:39 Siege Engineers
36:32 Bodkin Arrow
38:37 Blast Furnace
38:15 Conscription
37:57 Bracer
38:36 Crop Rotation
39:41 Masonry
Vlad Impala
6:56 Loom
9:10 Feudal Age
10:02 Double-Bit Axe
10:42 Horse Collar
18:59 Castle Age
18:24 Fletching
19:37 Bodkin Arrow
19:02 Crossbowman
20:01 Padded Archer Armor
20:32 Bow Saw
22:31 Wheelbarrow
22:20 Gold Mining
24:21 Town Watch
27:14 Stone Mining
32:26 Imperial Age
30:20 Ballistics
30:34 Scale Mail Armor
30:36 Squires
32:30 Masonry
32:41 Chain Mail Armor
33:09 Bracer
33:37 Conscription
34:36 Chemistry
34:33 Hand Cart
34:19 Herbal Medicine
35:25 Plate Mail Armor
34:58 Heavy Plow
36:09 Thumb Ring
35:38 Arbalester
37:44 Gold Shaft Mining
37:30 Forging
38:54 Iron Casting
40:00 Siege Engineers
Connection lost

Rejoining the realm…

Still unreachable

The connection could not be restored.

Session expired

The server has moved on; the page needs a fresh start.